cohdb
Replays
Latest Replays
All Replays
Popular Replays
Top Player Replays
Match Explorer
How It Works
Community
CoH3 Stats
Reddit
Sign in to upload your games and track your stats! →
Sign in with Steam
Match 46630964
Unlisted
Match 46630964
Overview
Messages
Build Orders
End
Construct Section Command Post
Vickers Machine Gun Team
Infantry Section
Infantry Section
Grenade Package
Construct Platoon Command Post
6-pounder Anti-tank Gun Team
Unlock M3 Stuart Light Tanks
M3 Stuart Light Tank
Royal Engineer Section
6-pounder Anti-tank Gun Team
Selects Heavy Armor Battlegroup
Selects Light Vehicle Withdraw and Refit
Selects UNKNOWN (202330)
Selects Rigorous Vehicle Training
Construct Company Command Post
Selects Forward Repair Assembly
Crusader AA Medium Tank
Foot Guards Section
Infantry Training
Kampfstärke
Haritm_船长
这里也 没有
Chieftain
Achilles Gaming @ YouTube
BazookaJoe
NO.2
gooood
0
0
Comments
sign in to comment!
No comments posted yet!